[Event "ICC tourney 2148 (70 10)"]
[Site "Internet Chess Club"]
[Date "2020.11.21"]
[Round "2"]
[White "siddham"]
[Black "GregMA"]
[Result "0-1"]
[ICCResult "White checkmated"]
[WhiteElo "668"]
[BlackElo "1181"]
[Opening "Caro-Kann: advance variation"]
[ECO "B12"]
[NIC "CK.04"]
[Time "16:02:45"]
[TimeControl "4200+10"]

1. e4 c6 2. d4 d5 3. e5 Bf5 4. Bd3 Bxd3 5. Qxd3 e6 6. Nf3 Nd7 7. Bg5 Be7 8.
Bxe7 Nxe7 9. c3 Ng6 10. b4 b6 11. a4 O-O 12. Nbd2 Qc7 13. O-O c5 14. b5 c4
15. Qc2 a6 16. Rfb1 axb5 17. Rxb5 Nf4 18. Ng5 Nd3 19. Re1 h6 20. Ndf3 hxg5
21. Nxg5 Qd8 22. Qd2 Nxe1 23. Nh3 Nd3 24. Qd1 Qh4 25. Qc2 Qh6 26. Rb1 Rfb8
27. Qd1 Ra7 28. Qc2 Rba8 29. Ra1 Rxa4 30. Rd1 Ra1 31. Qe2 Rxd1+ 32. Qxd1 Qc1
33. Qxc1 Nxc1 34. g3 Na2 35. Nf4 Nxc3 36. Kg2 Ra2 37. Kf3 Nd1 38. Nh3 Rxf2+
39. Nxf2 Nxf2 40. Kxf2 b5 41. Ke2 b4 42. Kd2 b3 43. Kc3 Kh7 44. h4 Kg6 45.
g4 f6 46. exf6 Nxf6 47. g5 Kh5 48. gxf6 gxf6 49. Kb2 Kxh4 50. Kc3 Kg5 51.
Kb2 f5 52. Kc3 f4 53. Kb2 Kf5 54. Kc3 Ke4 55. Kb2 Ke3 56. Kc3 f3 57. Kb2 f2
58. Kc3 b2 59. Kxb2 Kxd4 60. Kc2 f1=Q 61. Kb2 Qe2+ 62. Ka3 Kc5 63. Ka4 c3
64. Kb3 Qb2+ 65. Ka4 e5 66. Ka5 Qb5# {White checkmated} 0-1

[Event "ICC tourney 2148 (70 10)"]
[Site "Internet Chess Club"]
[Date "2020.11.21"]
[Round "2"]
[White "DungBeetle"]
[Black "aarnawarekar"]
[Result "1-0"]
[ICCResult "Black checkmated"]
[WhiteElo "1105"]
[BlackElo "652"]
[Opening "Scotch game"]
[ECO "C45"]
[NIC "SO.04"]
[Time "16:03:02"]
[TimeControl "4200+10"]

1. e4 e5 2. Nf3 Nc6 3. d4 exd4 4. Nxd4 Nxd4 5. Qxd4 d6 6. Nc3 c5 7. Qa4+ Bd7
8. Qb3 Qf6 9. Qxb7 Rd8 10. Nd5 Qe5 11. Nc7+ Ke7 12. Bf4 Qd4 13. Bb5 Qb4+ 14.
c3 Qxb2 15. Nd5+ Ke8 16. Bxd7+ Rxd7 17. Qxb2 Ne7 18. Qb8+ Rd8 19. Qb5+ Rd7
20. Bxd6 Nxd5 21. Bxf8 Rxf8 22. exd5 c4 23. O-O Ke7 24. Rfe1+ Kd6 25. Qc6#
{Black checkmated}
1-0

[Event "ICC tourney 2148 (70 10)"]
[Site "Internet Chess Club"]
[Date "2020.11.21"]
[Round "2"]
[White "sammu"]
[Black "EthanDember"]
[Result "0-1"]
[ICCResult "White checkmated"]
[WhiteElo "569"]
[BlackElo "1095"]
[Opening "Sicilian defense"]
[ECO "B20"]
[NIC "SI.48"]
[Time "16:02:40"]
[TimeControl "4200+10"]

1. e4 c5 2. d3 Nc6 3. Be3 e6 4. Nf3 Nf6 5. e5 Ng4 6. Bg5 Qa5+ 7. Bd2 Qd8 8.
Bg5 Qa5+ 9. Nc3 Ngxe5 10. Nxe5 Nxe5 11. Bf4 Ng6 12. Bg3 d5 13. Qe2 d4 14. a3
dxc3 15. b4 cxb4 16. Qd1 bxa3 17. Rb1 a2 18. Ra1 Qa3 19. Qc1 Qb2 20. Bc7 Ba3
21. Qd1 O-O 22. Be2 a5 23. O-O b5 24. d4 b4 25. Bf3 Ra7 26. Bb6 Ra6 27. Bc5
a4 28. Bxf8 Kxf8 29. d5 Rd6 30. Bg4 Rxd5 31. Qc1 Qxc1 32. Rfxc1 Bxc1 33.
Rxc1 b3 34. cxb3 axb3 35. Bf3 b2 36. Re1 b1=Q 37. Rxb1 axb1=Q+ 38. Bd1 Qxd1#
{White checkmated}
0-1

[Event "ICC tourney 2148 (70 10)"]
[Site "Internet Chess Club"]
[Date "2020.11.21"]
[Round "2"]
[White "king2f8"]
[Black "smalugu"]
[Result "0-1"]
[ICCResult "White resigns"]
[WhiteElo "508"]
[BlackElo "806"]
[Opening "Queen's pawn: Chigorin variation"]
[ECO "D00"]
[NIC "QP.08"]
[Time "16:03:27"]
[TimeControl "4200+10"]

1. d4 d5 2. Nc3 Nf6 3. Bf4 Bf5 4. f3 Nc6 5. Nb5 Rc8 6. g4 Bg6 7. h4 Nb4 8.
Na3 h5 9. g5 Nd7 10. Qd2 e6 11. O-O-O c5 12. dxc5 Rxc5 13. Qc3 Rxc3 14. bxc3
{White resigns}
0-1

[Event "ICC tourney 2148 (70 10)"]
[Site "Internet Chess Club"]
[Date "2020.11.21"]
[Round "2"]
[White "StockAlpha2020"]
[Black "chesspen2011"]
[Result "1-0"]
[ICCResult "Black checkmated"]
[WhiteElo "1277"]
[BlackElo "931"]
[Opening "QGD semi-Slav"]
[ECO "D43"]
[NIC "SL.03"]
[Time "16:03:23"]
[TimeControl "4200+10"]

1. d4 d5 2. c4 c6 3. Nf3 Nf6 4. Nc3 e6 5. Bg5 Be7 6. e3 h6 7. Bh4 b6 8. cxd5
exd5 9. Rc1 Bb7 10. Bd3 Ne4 11. Bxe7 Qxe7 12. Ne5 Nxc3 13. bxc3 c5 14. O-O
O-O 15. Qg4 c4 16. Bc2 Nc6 17. Qf5 g6 18. Nxc6 Bxc6 19. Qf4 Kh7 20. h4 Rg8
21. h5 Kg7 22. Qg3 Kf8 23. hxg6 fxg6 24. Qf4+ Ke8 25. Qxh6 Qf6 26. Qh7 Rh8
27. Qc7 Qh4 28. Bxg6+ Kf8 29. Qf7# {Black checkmated} 1-0

[Event "ICC tourney 2148 (70 10)"]
[Site "Internet Chess Club"]
[Date "2020.11.21"]
[Round "2"]
[White "adichi"]
[Black "summivj"]
[Result "1-0"]
[ICCResult "Black checkmated"]
[WhiteElo "841"]
[BlackElo "117"]
[Opening "Queen's pawn, Mason variation"]
[ECO "D00"]
[NIC "QP.08"]
[Time "16:02:37"]
[TimeControl "4200+10"]

1. d4 d5 2. Bf4 Bf5 3. e3 Nc6 4. c4 e6 5. cxd5 Bb4+ 6. Nc3 exd5 7. Qb3 Nf6
8. a3 Bxc3+ 9. bxc3 O-O 10. Ne2 Re8 11. g3 Nh5 12. Bg2 Nxf4 13. Nxf4 Qe7 14.
Nh3 Qd7 15. Nf4 Qe7 16. O-O Be4 17. f3 Bf5 18. Rfe1 Qd7 19. e4 dxe4 20. fxe4
Bg4 21. h3 Be6 22. d5 Bxd5 23. Nxd5 Qd6 24. g4 Qc5+ 25. Kh1 Ne5 26. Qxb7
Reb8 27. Qxc7 Qf8 28. Qxe5 Re8 29. Qd4 Red8 30. Qb4 Qxb4 31. axb4 Rab8 32.
Rxa7 Rbc8 33. Rea1 Rb8 34. Rc7 Re8 35. Raa7 Rbd8 36. Rxf7 Kh8 37. Rxg7 Rd7
38. Raxd7 Re7 39. Rdxe7 h5 40. Rh7+ Kg8 41. Nf6+ Kf8 42. Re8# {Black
checkmated} 1-0

[Event "ICC tourney 2148 (70 10)"]
[Site "Internet Chess Club"]
[Date "2020.11.21"]
[Round "2"]
[White "RaphyL"]
[Black "coreenjansen"]
[Result "1-0"]
[ICCResult "Black checkmated"]
[WhiteElo "1019"]
[BlackElo "347"]
[Opening "QP counter-gambit (elephant gambit)"]
[ECO "C40"]
[NIC "KP.10"]
[Time "16:02:37"]
[TimeControl "4200+10"]

1. e4 e5 2. Nf3 d5 3. exd5 Qxd5 4. Nc3 Qe6 5. Be2 Nf6 6. O-O Be7 7. d3 O-O
8. d4 Bd7 9. dxe5 Ng4 10. h3 Nxe5 11. Nxe5 Qxe5 12. Qxd7 Na6 13. Bxa6 Bd6
14. g3 Rad8 15. Qg4 Rfe8 16. Bf4 Qf6 17. Bxd6 cxd6 18. Rfe1 Re5 19. Rxe5
dxe5 20. Rd1 h5 21. Rxd8+ Qxd8 22. Qd1 Qg5 23. Bxb7 h4 24. Ne4 Qf5 25. Qd8+
Kh7 26. Ng5+ Kh6 27. Be4 Qf6 28. Qxf6+ gxf6 29. Nxf7+ Kg7 30. Nxe5 fxe5 31.
c4 Kf6 32. gxh4 Ke6 33. h5 Kd6 34. h6 Kc5 35. h7 Kxc4 36. h8=Q Kd4 37. Qa8
a5 38. Qxa5 Kxe4 39. Qxe5+ Kxe5 40. a4 Kd5 41. h4 Kc5 42. h5 Kb4 43. h6 Kxa4
44. h7 Kb3 45. h8=Q Kc2 46. Qc3+ Kd1 47. f3 Ke2 48. Qc4+ Kd1 49. Qd4+ Ke2
50. Qe4+ Kd1 51. Kf2 Kd2 52. Qe3+ Kc2 53. Ke2 Kxb2 54. Qd3 Ka2 55. Qc3 Kb1
56. Qd2 Ka1 57. Kd3 Kb1 58. Kc3 Ka1 59. Qb2# {Black checkmated} 1-0

[Event "ICC tourney 2148 (70 10)"]
[Site "Internet Chess Club"]
[Date "2020.11.21"]
[Round "2"]
[White "Phoenix25"]
[Black "nocturnalplayz"]
[Result "0-1"]
[ICCResult "White checkmated"]
[WhiteElo "245"]
[BlackElo "920"]
[Opening "Giuoco Piano: four knights variation"]
[ECO "C47"]
[NIC "KP.06"]
[Time "16:02:33"]
[TimeControl "4200+10"]

1. e4 e5 2. Nf3 Nc6 3. Nc3 Nf6 4. Bc4 Bc5 5. O-O O-O 6. d3 h6 7. Re1 d6 8.
b3 Ng4 9. Bb2 Bxf2+ 10. Kf1 Bxe1 11. Qxe1 Qf6 12. Ne2 Ne3+ 13. Kg1 Nxc2 14.
Qf1 Nxa1 15. Bxa1 Bg4 16. Ng3 Bxf3 17. Qxf3 Qxf3 18. gxf3 Nd4 19. Bxd4 exd4
20. Bd5 c6 21. Bc4 b5 22. Bxb5 cxb5 23. b4 a5 24. bxa5 Rxa5 25. Nf1 Rxa2 26.
Kh1 Rf2 27. Kg1 Rxf3 28. Nd2 Rxd3 29. Nf1 b4 30. Kh1 b3 31. Kg1 b2 32. h3
b1=Q 33. Kg2 Qc2+ 34. Kg1 Rxh3 35. Ng3 Qh2+ 36. Kf1 Rxg3 37. Ke1 Rg1#
{White checkmated}
0-1

[Event "ICC tourney 2148 (70 10)"]
[Site "Internet Chess Club"]
[Date "2020.11.21"]
[Round "2"]
[White "Fresjavacado"]
[Black "MRZNA"]
[Result "0-1"]
[ICCResult "White checkmated"]
[WhiteElo "719"]
[BlackElo "1172"]
[Opening "Two knights defense"]
[ECO "C58"]
[NIC "KP.01"]
[Time "16:03:08"]
[TimeControl "4200+10"]

1. e4 e5 2. Nf3 Nc6 3. Bc4 Nf6 4. Ng5 d5 5. exd5 Na5 6. Bb5+ c6 7. dxc6 bxc6
8. Ba4 h6 9. Nf3 e4 10. Ne5 Qd5 11. d4 exd3 12. Nxd3 Qxg2 13. Rf1 Bb4+ 14.
Nxb4 O-O 15. Be3 Bg4 16. f3 Bh5 17. Nc3 Qxh2 18. Qd3 Rad8 19. Qf5 Qh4+ 20.
Bf2 Rfe8+ 21. Ne2 Qxb4+ 22. c3 Qxb2 23. Rd1 Qxe2# {White checkmated} 0-1

[Event "ICC tourney 2148 (70 10)"]
[Site "Internet Chess Club"]
[Date "2020.11.21"]
[Round "2"]
[White "saharsh2"]
[Black "Onestepahead9"]
[Result "0-1"]
[ICCResult "White checkmated"]
[WhiteElo "956"]
[BlackElo "811"]
[Opening "Ruy Lopez: exchange variation, 5.O-O"]
[ECO "C68"]
[NIC "RL.08"]
[Time "16:02:39"]
[TimeControl "4200+10"]

1. e4 e5 2. Nf3 Nc6 3. Bb5 a6 4. Bxc6 dxc6 5. O-O Bd6 6. Nc3 Nf6 7. d3 Bg4
8. h3 Bh5 9. Bg5 h6 10. Bxf6 gxf6 11. Re1 Rg8 12. Kf1 f5 13. exf5 Qf6 14.
Ne4 Qg7 15. Ng3 O-O-O 16. Nxh5 Qxg2+ 17. Ke2 Bc5 18. Rf1 e4 19. Ne1 exd3+
20. cxd3 Rge8+ 21. Kd2 Qg5+ 22. Kc2 Bb4 23. f4 Qxf5 24. Ng7 Qc5+ 25. Kb1 Re3
26. Qc2 Qa5 27. Qf2 Rxe1+ 28. Rxe1 Bxe1 29. Qe2 Bb4 30. a3 Bf8 31. Qg4+ Kb8
32. Nf5 Rxd3 33. Qg8 Rd1+ 34. Ka2 Qd5+ 35. b3 Qd2# {White checkmated} 0-1

[Event "ICC tourney 2148 (70 10)"]
[Site "Internet Chess Club"]
[Date "2020.11.21"]
[Round "2"]
[White "GoodOldBell"]
[Black "ARNAVG094"]
[Result "1-0"]
[ICCResult "Black checkmated"]
[WhiteElo "1173"]
[BlackElo "720"]
[Opening "Giuoco Piano"]
[ECO "C50"]
[NIC "IG.02"]
[Time "16:03:14"]
[TimeControl "4200+10"]

1. e4 e5 2. Nf3 Nc6 3. Bc4 Bc5 4. Nc3 d6 5. h3 Nf6 6. d3 Be6 7. Bb3 O-O 8.
Bg5 h6 9. Bh4 Nd4 10. Nd5 Bxd5 11. Bxd5 c6 12. Bb3 Qe7 13. O-O b5 14. c3
Nxf3+ 15. Qxf3 Rad8 16. Rad1 Bb6 17. Bxf6 Qxf6 18. Qxf6 gxf6 19. Rfe1 a5 20.
a3 a4 21. Ba2 d5 22. g3 d4 23. Rc1 Kg7 24. Re2 Kg6 25. Kg2 f5 26. c4 f6 27.
h4 Kh5 28. exf5 Kg4 29. c5 Bc7 30. Be6 Ba5 31. Re4+ Kh5 32. g4+ Kxh4 33.
Rh1+ Kg5 34. Rh5# {Black checkmated} 1-0

[Event "ICC tourney 2148 (70 10)"]
[Site "Internet Chess Club"]
[Date "2020.11.21"]
[Round "2"]
[White "masterDavid"]
[Black "SimonDeng"]
[Result "1-0"]
[ICCResult "Black checkmated"]
[WhiteElo "235"]
[BlackElo "862"]
[Opening "Queen's gambit declined"]
[ECO "D35"]
[NIC "TD.06"]
[Time "16:03:10"]
[TimeControl "4200+10"]

1. d4 e6 2. c4 d5 3. cxd5 exd5 4. Nc3 Nf6 5. Nf3 c5 6. e3 Nc6 7. Bd2 Qb6 8.
Qc2 cxd4 9. exd4 Nxd4 10. Nxd4 Qxd4 11. Bb5+ Bd7 12. Bxd7+ Nxd7 13. O-O Be7
14. Rfe1 a6 15. Rad1 Qc5 16. Bg5 f6 17. Rxd5 Qc6 18. Qe2 Ne5 19. Rxe5 fxe5
20. Qxe5 O-O-O 21. Bxe7 Rde8 22. Qf5+ Kb8 23. Re6 Qd7 24. Qe5+ Ka8 25. h3
Rc8 26. Nd5 Qb5 27. Rb6 Qd7 28. Rxa6+ bxa6 29. Nb6+ Kb7 30. Nxd7 Rhe8 31.
Qd5+ Rc6 32. Nc5+ Kb6 33. Na4+ Kc7 34. Qf7 Rxe7 35. Qxe7+ Kb8 36. Qe8+ Rc8
37. Qe5+ Ka7 38. Qe7+ Kb8 39. Qxg7 Rc7 40. Qg3 Kb7 41. Qb3+ Ka8 42. Nb6+ Ka7
43. Qe3 Kb8 44. Qe8+ Kb7 45. Nd5 Rc8 46. Qe7+ Kb8 47. g3 h6 48. Qb4+ Ka7 49.
Qb6+ Ka8 50. Qxa6+ Kb8 51. Qb6+ Ka8 52. Nc7+ Rxc7 53. Qxc7 h5 54. Qh7 h4 55.
Qxh4 Kb8 56. Qb4+ Kc7 57. Qa5+ Kd6 58. b4 Kc6 59. b5+ Kc5 60. f4 Kd4 61. g4
Ke3 62. f5 Kf3 63. Kh2 Kf2 64. a4 Kf3 65. Qc3+ Kf2 66. Qg3+ Kf1 67. Qg1+ Ke2
68. b6 Kf3 69. Qg2+ Ke3 70. a5 Kf4 71. Qg3+ Ke4 72. Kg2 Kd4 73. Kf3 Kc3 74.
Qe1+ Kc4 75. b7 Kd4 76. Qe4+ Kc3 77. a6 Kd2 78. a7 Kc1 79. Qe1+ Kb2 80.
b8=Q+ Kc2 81. Qe2+ Kc3 82. Qe3+ Kc4 83. Qbf4+ Kd5 84. Qfd4+ Kc6 85. Qe6+ Kb7
86. Qdd7+ Ka8 87. Qee8# {Black checkmated} 1-0

[Event "ICC tourney 2148 (70 10)"]
[Site "Internet Chess Club"]
[Date "2020.11.21"]
[Round "2"]
[White "addisenapl"]
[Black "aidanpatty"]
[Result "0-1"]
[ICCResult "White checkmated"]
[WhiteElo "894"]
[BlackElo "1222"]
[Opening "Sicilian: Scheveningen, Vitolin's variation"]
[ECO "B80"]
[NIC "SI.19"]
[Time "16:02:34"]
[TimeControl "4200+10"]

1. e4 c5 2. Nf3 e6 3. d4 cxd4 4. Nxd4 Nf6 5. Nc3 d6 6. Bb5+ Nbd7 7. O-O a6
8. Bc4 b5 9. Bd3 Bb7 10. e5 Nxe5 11. Be2 d5 12. Bf4 Nc6 13. Nxc6 Bxc6 14.
Qd4 Bb7 15. Nd1 Rc8 16. Ne3 Bc5 17. Qd3 Bb6 18. Ng4 Nxg4 19. Bxg4 Bc7 20.
Qf3 Bxf4 21. Qxf4 Rxc2 22. Qe5 Qf6 23. Qb8+ Bc8 24. Rac1 Qxb2 25. Rxc2 Qxc2
26. Bd1 Qc6 27. Qe5 O-O 28. h3 Bb7 29. Bf3 f6 30. Qf4 e5 31. Qe3 Rc8 32. Rd1
Qc5 33. Qxc5 Rxc5 34. g3 Bc6 35. Bg4 d4 36. Be6+ Kf8 37. g4 Bd5 38. Bxd5
Rxd5 39. Rc1 d3 40. Kf1 Ke7 41. Rd1 e4 42. h4 g6 43. g5 f5 44. a3 a5 45. Rd2
b4 46. axb4 axb4 47. Ke1 Kd6 48. Kd1 Rc5 49. Ke1 Kc6 50. Kd1 Kb5 51. f3 b3
52. fxe4 fxe4 53. Rb2 Kb4 54. Kd2 Rc2+ 55. Rxc2 bxc2 56. Kc1 Kc3 57. h5 d2#
{White checkmated}
0-1

[Event "ICC tourney 2148 (70 10)"]
[Site "Internet Chess Club"]
[Date "2020.11.21"]
[Round "2"]
[White "Nani123"]
[Black "swathivjdp"]
[Result "1-0"]
[ICCResult "Black resigns"]
[WhiteElo "1056"]
[BlackElo "152"]
[Opening "Giuoco Piano"]
[ECO "C54"]
[NIC "IG.02"]
[Time "16:02:56"]
[TimeControl "4200+10"]

1. e4 e5 2. Nf3 Nc6 3. Bc4 Bc5 4. c3 Nf6 5. d4 exd4 6. e5 Qe7 7. cxd4 Bb4+
8. Nc3 Ne4 9. Qd3 Nd6 10. Bb3 f6 11. O-O Nf7 12. exf6 Qxf6 13. Nd5 Qd6 14.
Bf4 Nce5 15. dxe5 {Black resigns} 1-0

[Event "ICC tourney 2148 (70 10)"]
[Site "Internet Chess Club"]
[Date "2020.11.21"]
[Round "2"]
[White "RahulPeesa"]
[Black "dancingmoose3"]
[Result "1-0"]
[ICCResult "Black resigns"]
[WhiteElo "1273"]
[BlackElo "911"]
[Opening "King's Indian: Torre attack"]
[ECO "A48"]
[NIC "QP.01"]
[Time "16:03:04"]
[TimeControl "4200+10"]

1. d4 Nf6 2. Nf3 g6 3. Bg5 Bg7 4. Nbd2 O-O 5. c3 Nc6 6. e4 d6 7. Bc4 Bg4 8.
h3 Bxf3 9. Qxf3 a6 10. O-O b5 11. Bd3 e5 12. d5 Ne7 13. Bxf6 Bxf6 14. Qxf6
c5 15. Nf3 b4 16. c4 h6 17. Nh2 Kh7 18. Ng4 Ng8 19. Qxd8 Raxd8 20. f4 f5 21.
exf5 gxf5 22. fxe5 dxe5 23. Bxf5+ Kg7 24. Nxe5 Ne7 25. Be6 a5 26. Rxf8 Rxf8
27. Rf1 Rxf1+ 28. Kxf1 Kf6 29. Ng4+ Kg6 30. Ne5+ Kf6 31. Nd3 Ng6 32. Nxc5
Ne5 33. Nd7+ Nxd7 34. Bxd7 Ke5 35. Bb5 Kd4 36. d6 Kc5 37. d7 {Black resigns}
1-0

[Event "ICC tourney 2148 (70 10)"]
[Site "Internet Chess Club"]
[Date "2020.11.21"]
[Round "2"]
[White "danamby"]
[Black "Wubbs"]
[Result "0-1"]
[ICCResult "White resigns"]
[WhiteElo "1019"]
[BlackElo "979"]
[Opening "Sicilian: Alapin's variation (2.c3)"]
[ECO "B22"]
[NIC "SI.46"]
[Time "16:02:52"]
[TimeControl "4200+10"]

1. e4 c5 2. c3 e5 3. d4 cxd4 4. cxd4 exd4 5. Qxd4 Nc6 6. Qd1 Nf6 7. Bd3 Bc5
8. Nf3 h6 9. O-O O-O 10. e5 Ng4 11. Bf4 d6 12. exd6 Kh8 13. h3 Nf6 14. Nc3
Bxd6 15. Bg3 Bxg3 16. fxg3 Qb6+ 17. Kh1 Rd8 18. Qc2 Nb4 19. Qb3 Nxd3 20.
Qxf7 Be6 21. Qg6 Qxb2 22. Na4 Qc2 23. Ne5 Bd5 24. Nf7+ Bxf7 25. Qxf7 Rf8 26.
Qg6 Nf2+ 27. Kh2 Qxg6 28. Rxf2 {White resigns} 0-1

[Event "ICC tourney 2148 (70 10)"]
[Site "Internet Chess Club"]
[Date "2020.11.21"]
[Round "2"]
[White "hollydood"]
[Black "shawnchicken"]
[Result "0-1"]
[ICCResult "White resigns"]
[WhiteElo "734"]
[BlackElo "1300"]
[Opening "Four knights: Spanish, classical defense"]
[ECO "C48"]
[NIC "KP.03"]
[Time "16:03:07"]
[TimeControl "4200+10"]

1. e4 e5 2. Nf3 Nc6 3. Nc3 Nf6 4. Bb5 Bc5 5. d3 d6 6. Bxc6+ bxc6 7. d4 exd4
8. Nxd4 Bxd4 9. Qxd4 O-O 10. Be3 c5 11. Qd1 Ba6 12. Qf3 Re8 13. Bg5 Re6 14.
O-O-O h6 15. Bxf6 Rxf6 16. Qe3 c6 17. e5 Re6 18. f4 Qc7 19. Rhe1 dxe5 20.
fxe5 Rae8 21. Qxc5 Rxe5 22. Qf2 Rxe1 23. Rxe1 Rxe1+ 24. Qxe1 Qf4+ 25. Qd2
Qf1+ 26. Qd1 Qxg2 27. b3 Qxh2 28. Kb2 Qe5 29. Qd7 Qe6 30. Qxa7 Bc8 31. a4 h5
32. a5 h4 33. a6 c5 34. Qc7 Bxa6 35. Qxc5 h3 36. Qg1 Bb7 37. Qh2 Bg2 38. Nd1
f6 39. Qb8+ Kh7 40. Qb4 Qe5+ 41. Nc3 h2 {White resigns} 0-1

[Event "ICC tourney 2148 (70 10)"]
[Site "Internet Chess Club"]
[Date "2020.11.21"]
[Round "2"]
[White "johnzabraham"]
[Black "catcity"]
[Result "1-0"]
[ICCResult "Black checkmated"]
[WhiteElo "1069"]
[BlackElo "1119"]
[Opening "QGD Slav defense"]
[ECO "D10"]
[NIC "SL.01"]
[Time "16:02:39"]
[TimeControl "4200+10"]

1. d4 d5 2. c4 c6 3. Nc3 Nf6 4. cxd5 cxd5 5. Bg5 Nc6 6. e3 Bf5 7. Bxf6 exf6
8. Qb3 Nb4 9. Bb5+ Bd7 10. Nge2 Bxb5 11. Nxb5 Qa5 12. Nbc3 Nd3+ 13. Kf1 Bd6
14. Nb5 O-O 15. Nxd6 Nb4 16. Nxb7 Qb6 17. Nc5 a5 18. a3 Rfd8 19. axb4 axb4
20. Rxa8 Rxa8 21. g3 Qb5 22. Qd3 Qc6 23. Kg2 h6 24. Qb3 Qb5 25. Qxd5 Re8 26.
Qd7 Qb8 27. Qb7 Qd8 28. Qxb4 Qd5+ 29. e4 Qc6 30. Nc3 f5 31. Qb5 Qc8 32. Nb7
Qa8 33. Nd6 Rd8 34. Nxf5 Rb8 35. Qe5 f6 36. Qe7 Rb7 37. Qe6+ Kh8 38. Qd5 Qb8
39. Nd6 Rxb2 40. Nf7+ Kh7 41. Qf5+ Kg8 42. Qg6 Qc7 43. Nxh6+ Kf8 44. Nd5 Qc2
45. Qf7# {Black checkmated} 1-0

[Event "ICC tourney 2148 (70 10)"]
[Site "Internet Chess Club"]
[Date "2020.11.21"]
[Round "2"]
[White "mgelgi"]
[Black "ccec28"]
[Result "0-1"]
[ICCResult "White checkmated"]
[WhiteElo "875"]
[BlackElo "858"]
[Opening "Scotch opening"]
[ECO "C44"]
[NIC "KP.10"]
[Time "16:03:01"]
[TimeControl "4200+10"]

1. e4 e5 2. Nf3 Nc6 3. d4 Bd6 4. dxe5 Nxe5 5. Nxe5 Bxe5 6. Nc3 Nf6 7. Bc4
O-O 8. Be3 d6 9. O-O Ng4 10. Bd2 Qh4 11. h3 a5 12. Be2 Nxf2 13. Rxf2 Qg3 14.
Kf1 Bd4 15. Rf3 Qh2 16. Be3 Bxe3 17. Rxe3 Qf4+ 18. Rf3 Qg5 19. Qe1 Qc5 20.
Qf2 Qe5 21. Bc4 Be6 22. Nd5 Qxe4 23. Ne7+ Kh8 24. Bxe6 Qxe6 25. Nf5 Qe5 26.
Nh4 f6 27. Rb1 Rae8 28. Re1 Qxb2 29. Rxe8 Rxe8 30. Nf5 Qc1+ 31. Qe1 Qxe1#
{White checkmated}
0-1

[Event "ICC tourney 2148 (70 10)"]
[Site "Internet Chess Club"]
[Date "2020.11.21"]
[Round "2"]
[White "gpiano"]
[Black "Krish11"]
[Result "0-1"]
[ICCResult "White resigns"]
[WhiteElo "975"]
[BlackElo "469"]
[Opening "QGD: Marshall defense"]
[ECO "D06"]
[NIC "QP.08"]
[Time "16:03:27"]
[TimeControl "4200+10"]

1. d4 d5 2. c4 Nf6 3. cxd5 Nxd5 4. e4 Nf6 5. Nc3 Nc6 6. Nf3 e6 7. Bg5 Be7 8.
e5 Nd5 9. Bxe7 Qxe7 10. Nxd5 exd5 11. Bb5 Qb4+ 12. Qd2 Qxb5 13. Qe2 Qb6 14.
O-O O-O 15. Qe1 Qxb2 16. Qe3 Bg4 17. Ng5 Nxd4 18. Rab1 Nf5 19. Rxb2 Nxe3 20.
fxe3 Rae8 21. Rxb7 Rxe5 22. Rxc7 Rxg5 23. Rb7 Bh3 24. Rf2 Re8 25. Rxa7 h6
26. a4 Re6 27. Raxf7 Kh7 28. a5 Reg6 29. g3 Rc6 30. Rd2 Rc1+ 31. Kf2 Rf1+
32. Ke2 Rxf7 33. a6 Ra7 34. Ra2 Rf5 35. Rb2 Bf1+ {White resigns} 0-1

[Event "ICC tourney 2148 (70 10)"]
[Site "Internet Chess Club"]
[Date "2020.11.21"]
[Round "2"]
[White "JCJ2018"]
[Black "Ojas2020"]
[Result "1-0"]
[ICCResult "Black resigns"]
[WhiteElo "1044"]
[BlackElo "899"]
[Opening "Ruy Lopez (Spanish opening)"]
[ECO "C60"]
[NIC "RL.01"]
[Time "16:02:34"]
[TimeControl "4200+10"]

1. e4 e5 2. Nf3 Nc6 3. Bb5 Bd6 4. Nc3 Nf6 5. d3 O-O 6. Bg5 h6 7. Bh4 Bb4 8.
O-O Bxc3 9. bxc3 d6 10. Bxc6 bxc6 11. d4 Ba6 12. Re1 Re8 13. dxe5 dxe5 14.
Qxd8 Raxd8 15. Bxf6 gxf6 16. Red1 Rxd1+ 17. Rxd1 Be2 18. Rd7 Rb8 19. h3 Bxf3
20. gxf3 Rb2 21. Rxc7 Rxa2 22. Rxc6 Rxc2 23. Rxf6 Rxc3 24. Kg2 a5 25. Ra6
Ra3 26. Rxh6 Kg7 27. Ra6 f6 28. Kg3 Kg6 29. Kg4 Ra2 30. Kg3 Ra1 31. Kh4 a4
32. Kg4 a3 33. h4 a2 34. h5+ Kg7 35. Kf5 Rh1 36. Rxa2 Rxh5+ 37. Ke6 Rh8 38.
Ra7+ Kg6 39. Rf7 Re8+ 40. Re7 Rxe7+ 41. Kxe7 f5 42. Ke6 fxe4 43. fxe4 Kg5
44. Kxe5 Kg6 45. Ke6 Kg7 46. f4 Kf8 47. Kf6 Ke8 48. e5 Kf8 49. e6 Ke8 50. e7
Kd7 51. Kf7 Kd6 52. e8=R Kd5 53. Kf6 Kd6 54. Re1 Kd7 55. Re5 Kd6 56. f5 Kd7
57. Rd5+ Kc6 58. Ke6 Kc7 59. Rc5+ {Black resigns} 1-0

[Event "ICC tourney 2148 (70 10)"]
[Site "Internet Chess Club"]
[Date "2020.11.21"]
[Round "2"]
[White "mohitmukkollu"]
[Black "akhilv"]
[Result "0-1"]
[ICCResult "White checkmated"]
[WhiteElo "1173"]
[BlackElo "957"]
[Opening "Sicilian: Alapin's variation (2.c3)"]
[ECO "B22"]
[NIC "SI.46"]
[Time "16:03:06"]
[TimeControl "4200+10"]

1. e4 c5 2. c3 d6 3. Nf3 Nc6 4. d4 cxd4 5. cxd4 Bg4 6. Be2 e5 7. dxe5 Nxe5
8. Nxe5 Bxe2 9. Nxf7 Bxd1 10. Nxd8 Rxd8 11. Kxd1 Nf6 12. Nc3 Be7 13. Ke2 O-O
14. Re1 Ng4 15. Nd5 Rxf2+ 16. Kd1 Bf8 17. Bg5 Rc8 18. h3 Ne5 19. Be7 Rcc2
20. Rc1 Rfd2# {White checkmated} 0-1

[Event "ICC tourney 2148 (70 10)"]
[Site "Internet Chess Club"]
[Date "2020.11.21"]
[Round "2"]
[White "meiyab"]
[Black "AwesomeWarrior"]
[Result "0-1"]
[ICCResult "White resigns"]
[WhiteElo "929"]
[BlackElo "1053"]
[Opening "QGD: 4.Bg5"]
[ECO "D50"]
[NIC "QO.16"]
[Time "16:03:27"]
[TimeControl "4200+10"]

1. d4 d5 2. c4 e6 3. Nc3 Nf6 4. Bg5 c6 5. e4 Be7 6. e5 Nfd7 7. Bxe7 Qxe7 8.
Nf3 Nb6 9. c5 N6d7 10. Bd3 b6 11. b4 a5 12. a3 Ba6 13. Bxa6 Nxa6 14. cxb6
axb4 15. axb4 Qxb4 16. Qd2 Qxb6 17. O-O O-O 18. Rfb1 Qc7 19. Rc1 c5 20. Nb5
Qc6 21. Nd6 Nb6 22. dxc5 Nxc5 23. Rxa8 Rxa8 24. Nd4 Qc7 25. h3 Nc8 26. Nb3
Nxb3 27. Rxc7 Nxd2 28. Nxc8 h6 29. Nd6 Rf8 30. Rc2 Nb3 31. Rc3 Nd4 32. Kf1
Rb8 33. Rc8+ Rxc8 34. Nxc8 Kf8 35. Ke1 f6 36. f4 Nc6 37. exf6 gxf6 38. Ke2
Ne7 39. Nd6 Nc6 40. g4 Ke7 41. Nb5 e5 42. Nc7 Kd6 43. Ne8+ Ke6 44. Nc7+ Kd6
45. Ne8+ Ke7 46. Nc7 Nd4+ 47. Ke3 Kd6 48. Ne8+ Ke7 49. Nc7 Nc2+ 50. Kd2 Nb4
51. Kc3 Kd7 52. Kxb4 Kxc7 53. fxe5 fxe5 54. Kc5 e4 55. Kd4 Kd6 56. h4 Ke6
57. g5 hxg5 58. h5 Kf7 59. h6 Kg6 60. Kxd5 e3 61. h7 Kxh7 62. Kd4 e2 63. Ke5
e1=Q+ 64. Kf5 Qh4 65. Ke5 g4 66. Kf5 g3 {White resigns} 0-1

[Event "ICC tourney 2148 (70 10)"]
[Site "Internet Chess Club"]
[Date "2020.11.21"]
[Round "2"]
[White "chessfidebullet"]
[Black "anandurbarkar"]
[Result "1-0"]
[ICCResult "Black checkmated"]
[WhiteElo "1280"]
[BlackElo "941"]
[Opening "Giuoco Pianissimo"]
[ECO "C50"]
[NIC "IG.02"]
[Time "16:02:32"]
[TimeControl "4200+10"]

1. e4 e5 2. Nf3 Nc6 3. Bc4 Bc5 4. d3 Nf6 5. Be3 Qe7 6. O-O h6 7. Nc3 O-O 8.
Qd2 a6 9. Bxh6 gxh6 10. Qxh6 Ng4 11. Qg6+ Kh8 12. Qxg4 d5 13. Qh5+ Kg8 14.
Ng5 Kg7 15. Qh7+ Kf6 16. Qh6# {Black checkmated} 1-0